 Dungeon Crawl Stone Soup version 0.28-a0-1518-gbe868bca14 (webtiles) character file.

Game seed: 10311298292458829205

476 hashsling the Thaumaturge (level 6, 0/32 HPs)
             Began as a Deep Elf Conjurer on Jan 16, 2022.
             Shot with an arrow by a centaur (12 damage)
             ... on level 5 of the Dungeon.
             The game lasted 00:10:38 (3822 turns).

hashsling the Thaumaturge (Deep Elf Conjurer)       Turns: 3822, Time: 00:10:39

Health: 0/32       AC:  4    Str:  4    XL:     6   Next: 84%
Magic:  9/19       EV: 14    Int: 25    God:
Gold:   109        SH:  0    Dex: 13    Spells: 10/21 levels left

rFire   . . .      SeeInvis .   l - +2 mace (holy)
rCold   . . .      Faith    .   (no shield)
rNeg    . . .      Spirit   .   g - +0 robe
rPois   .          Reflect  .   n - +0 helmet
rElec   .          Harm     .   (no cloak)
rCorr   .          Rampage  .   i - +0 pair of gloves
Will    .....                   (no boots)
Stlth   ++........              (no amulet)
HPRegen 0.10/turn               (no ring)
MPRegen 0.16/turn               (no ring)

@: no status effects
A: no striking features
a: no special abilities


You were on level 5 of the Dungeon.
You visited 1 branch of the dungeon, and saw 5 of its levels.

You collected 109 gold pieces.

Inventory:

Hand Weapons
 l - a +2 mace of holy wrath (weapon)
 m - a +3 dagger
 o - a +2 dagger of protection
Missiles
 k - a throwing net
 q - 4 atropa-tipped darts
Armour
 g - a +0 robe (worn)
 i - a +0 pair of gloves (worn)
 n - a +0 helmet (worn)
Jewellery
 x - a ring of see invisible
Scrolls
 c - 2 scrolls of identify {unknown}
 d - 2 scrolls of fear {unknown}
 e - a scroll of fog {unknown}
 h - 4 scrolls of amnesia {unknown}
 j - 4 scrolls of vulnerability {unknown}
 s - a scroll of enchant armour {unknown}
 u - 2 scrolls of summoning {unknown}
 v - 2 scrolls of blinking {unknown}
 y - a scroll of magic mapping {unknown}
Potions
 a - a potion of curing
 b - a potion of experience {unknown}
 f - 4 potions of might {unknown}
 p - 2 potions of berserk rage {unknown}
 r - a potion of cancellation {unknown}
 t - a potion of haste {unknown}
 w - 2 potions of degeneration {unknown}
 z - a potion of heal wounds {unknown}


   Skills:
 * Level 5.1 Dodging
 - Level 3.0 Stealth
 + Level 8.3 Spellcasting
 - Level 4.3 Conjurations


You had 10 spell levels left.
You knew the following spells:

 Your Spells              Type           Power      Damage    Failure   Level
a - Magic Dart            Conj           100%       1d8       1%          1
b - Searing Ray           Conj           64%        2d6       1%          2
c - Fulminant Prism       Conj/Hex       10%        3d9       24%         4
d - Iskenderun's Mystic   Conj/Tloc      21%        2d6       24%         4

Your spell library contained the following spells:

 Spells                   Type           Power      Damage    Failure   Level
 Sandblast                Erth           20%        2d7       6%          1
 Dazzling Flash           Conj/Hex       42%        N/A       7%          3
 Stone Arrow              Conj/Erth      42%        3d9       7%          3
 Passwall                 Tmut/Erth      8%         N/A       9%          2


Dungeon Overview and Level Annotations

Branches:
Dungeon (5/15)
 Temple: D:4-7

Altars:
Cheibriados
Gozag
Wu Jian

Annotations:
D:5 3 runed translucent doors, freelancePsychic's ghost, novice MiFi


Message History

The searing ray hits the centaur!
The centaur is almost dead. (Press . to maintain the ray.)
The centaur shoots an arrow.
The arrow hits you!
The searing ray hits the centaur!
You kill the centaur!
Your Dodging skill increases to level 5!
Things that are here:
a +0 shortbow; 13 arrows; a centaur corpse A hound skeleton comes into view.
The magic dart hits the hound skeleton.
The hound skeleton is lightly damaged.
The magic dart hits the hound skeleton!
The hound skeleton is heavily damaged.
A centaur skeleton comes into view.
The magic dart hits the hound skeleton.
The hound skeleton is heavily damaged.
The magic dart hits the hound skeleton.
The hound skeleton is heavily damaged.
The magic dart hits the hound skeleton!
The hound skeleton is almost destroyed.
You hit the hound skeleton.
You destroy the hound skeleton!
You hit the centaur skeleton.
The centaur skeleton convulses.
The centaur skeleton is lightly damaged.
The centaur skeleton misses you. x2; The centaur skeleton barely misses you.
The centaur skeleton kicks you.
You hit the centaur skeleton.
The centaur skeleton convulses!
The centaur skeleton is heavily damaged.
The centaur skeleton hits you. The centaur skeleton misses you.
A centaur comes into view.
The centaur skeleton closely misses you.
The centaur skeleton kicks you but does no damage.
The centaur wields a +0 shortbow.
The centaur shoots an arrow.
The arrow hits you!
* * * LOW HITPOINT WARNING * * *
It was a potion of curing.
You feel better. The centaur skeleton hits you.
The centaur skeleton kicks you but does no damage.
The centaur shoots an arrow.
The arrow hits you!
You die...

..+ ..# #.c #.# ##.##
... #.# ##.#
#@######.....
#####.Z..........
#.........##.....
#.........# .....
#.........# ..####
####.........# .....#
...#.........##......
................##...
#.#..................


You could see a centaur and a centaur skeleton.

Vanquished Creatures
  A centaur (D:5)
  A scorpion (D:4)
  A bullfrog zombie (D:5)
  A jelly (D:4)
  A centaur skeleton (D:5)
  2 iguanas
  An orc wizard (D:4)
  Natasha (D:2)
  A hound skeleton (D:5)
  Robin (D:3)
  3 gnolls (D:3)
  An adder (D:2)
  A worm (D:4)
  2 dart slugs
  4 orcs
  5 ball pythons
  3 endoplasms
  5 giant cockroaches
  15 goblins
  4 hobgoblins
  2 jackals (D:3)
  4 quokkas
  3 bats
  4 frilled lizards
  6 kobolds
  5 rats
78 creatures vanquished.

Vanquished Creatures (others)
  2 fulminant prisms
2 creatures vanquished.

Grand Total: 80 creatures vanquished

Notes
Turn   | Place    | Note
-------+----------+-------------------------------------------
     0 | D:1      | hashsling the Deep Elf Conjurer began the quest for the
                  | Orb.
     0 | D:1      | Reached XP level 1. HP: 10/10 MP: 6/6
   187 | D:1      | Reached skill level 4 in Spellcasting
   187 | D:1      | Reached XP level 2. HP: 15/15 MP: 6/9
   190 | D:1      | Learned a level 2 spell: Searing Ray
   811 | D:2      | Reached skill level 5 in Spellcasting
   811 | D:2      | Reached XP level 3. HP: 19/19 MP: 5/11
   890 | D:2      | Found a faded altar of an unknown god.
  1323 | D:2      | Noticed Natasha
  1329 | D:2      | Killed Natasha
  1330 | D:2      | Reached skill level 6 in Spellcasting
  1330 | D:2      | Reached XP level 4. HP: 21/24 MP: 5/14
  1725 | D:3      | Learned a level 4 spell: Fulminant Prism
  1730 | D:3      | Learned a level 4 spell: Iskenderun's Mystic Blast
  1733 | D:3      | Noticed Robin
  1844 | D:3      | Killed Robin
  1854 | D:3      | Reached skill level 7 in Spellcasting
  2116 | D:3      | Reached XP level 5. HP: 28/28 MP: 13/16
  2199 | D:3      | Found a faded altar of an unknown god.
  2204 | D:3      | Found a snail-covered altar of Cheibriados.
  3039 | D:4      | Reached XP level 6. HP: 26/32 MP: 5/18
  3290 | D:4      | Found an ornate altar of the Wu Jian Council.
  3337 | D:4      | Found an opulent altar of Gozag.
  3514 | D:5      | Entered Level 5 of the Dungeon
  3526 | D:5      | Found a runed translucent gate.
  3527 | D:5      | Found a runed translucent gate.
  3528 | D:5      | Found a runed translucent gate.
  3529 | D:5      | Noticed freelancePsychic's ghost (novice MiFi)
  3529 | D:5      | Identified the +1 scale mail "Akyhadicum" {rCorr Dex+9}
  3607 | D:5      | Reached skill level 8 in Spellcasting
  3807 | D:5      | Reached skill level 5 in Dodging
  3822 | D:5      | Shot with an arrow by a centaur

Illustrated notes

Levels and vault maps discovered:
D:1:      dpeg_arrival_houses_and_road, layout_rooms, grunt_decor_resistance,
          glass_columns_a
D:2:      layout_loops_cross, nicolae_ecumenical_pavilion, uniq_natasha
D:3:      layout_basic, nicolae_overflow_ecumenical_swirl, uniq_robin
D:4:      layout_cave_pools, mainiacjoe_overflow_catch_the_wave,
          minmay_crystal_room
D:5:      layout_basic, biasface_ghost_orc_armoury, serial_shops,
          shop_fountains, minmay_misc_feat_secret_circle

Skill      XL: |  1  2  3  4  5  6 |
---------------+-------------------+-----
Spellcasting   | 4 5 6 7 8 |  8.3
Dodging        | 3 5 |  5.1
Stealth        | 3 |  3.0
Conjurations   | |  4.3

Action                   |  1- 3 |  4- 6 || total
-------------------------+-------+-------++-------
Melee: Mace              |     1 |    12 ||    13
Throw: Throwing net      |     1 |       ||     1
 Cast: Magic Dart        |    63 |    82 ||   145
       Searing Ray       |     1 |     9 ||    10
       Fulminant Prism   |       |     2 ||     2
       Iskenderun's Myst |       |     1 ||     1
  Use: Potion            |       |     1 ||     1
Armor: Robe              |     1 |     7 ||     8
Dodge: Dodged            |     4 |    23 ||    27

Table legend: (Time is in decaauts)
 A = Elapsed time spent in this place.
 B = Non-inter-level travel time spent in this place.
 C = Inter-level travel time spent in this place.
 D = Time resting spent in this place.
 E = Time spent auto-exploring this place.
 F = Levels seen in this place.
 G = Mean time per level.
                   A        B        C        D        E       F      G
               +--------+--------+--------+--------+--------+-----+--------+
         Total |   3826 |   3719 |    107 |    182 |   3083 |   5 |  765.2 |
       Dungeon |   3826 |   3719 |    107 |    182 |   3083 |   5 |  765.2 |
               +--------+--------+--------+--------+--------+-----+--------+

Top non-repeatable levels by time:
     D:2: 1023 daAuts
     D:3: 869 daAuts
     D:4: 837 daAuts
     D:1: 784 daAuts
     D:5: 312 daAuts
